 Dungeon Crawl Stone Soup version 0.30.1-11-g7821555f0a (webtiles) character file.

Game seed: 8227527158579810083

247 AppTheSpectato the Trooper (level 6, -3/53 HPs)
             Began as a Ghoul Monk on Nov 2, 2023.
             Slain by Crazy Yiuf
             ... wielding a +2 quarterstaff of chaos
              (12 damage)
             ... on level 2 of the Dungeon.
             The game lasted 00:06:19 (1714 turns).

AppTheSpectato the Trooper (Ghoul Monk)             Turns: 1714, Time: 00:06:19

Health: -3/53      AC:  3    Str: 17    XL:     6   Next: 11%
Magic:  5/5        EV: 13    Int:  5    God:
Gold:   133        SH:  0    Dex: 11    Spells: 5/5 levels left

rFire   . . .        h - +2 short sword (speed)
rCold   + . .        c - orb {light}
rNeg    + + +        o - +1 robe {rN+}
rPois   ∞            (no helmet)
rElec   .            (no cloak)
rCorr   .            (no gloves)
SInv    .            (no boots)
Will    .....        i - amulet of the acrobat
Stlth   +            (no ring)
HPRegen 0.00/turn    (no ring)
MPRegen 0.09/turn

%: acrobat
@: inhibited regen, glowing
A: claws 1, cold resistance 1, negative energy resistance 3, inhibited
regeneration, torment resistance 2, devour on kill
a: no special abilities


You were on level 2 of the Dungeon.
You visited 1 branch of the dungeon, and saw 2 of its levels.

You collected 133 gold pieces.

Inventory:

Hand Weapons
 h - a +2 short sword of speed (weapon)
Missiles
 l - 6 atropa-tipped darts (quivered)
Armour
 c - an orb of light (worn)
 o - a +1 robe of positive energy (worn)
Jewellery
 i - an amulet of the acrobat (around neck)
Scrolls
 f - 3 scrolls of identify {unknown}
 g - a scroll of teleportation {unknown}
 n - a scroll of enchant armour {unknown}
 p - a scroll of amnesia {unknown}
Potions
 a - a potion of heal wounds {unknown}
 b - a potion of ambrosia
 d - 2 potions of mutation {unknown}
 e - a potion of degeneration {unknown}
 j - a potion of curing {unknown}
 k - a potion of lignification {unknown}
 m - 2 potions of flight {unknown}


   Skills:
 + Level 4.7 Fighting
 * Level 3.1 Short Blades
 + Level 3.8 Dodging
 - Level 3.6 Unarmed Combat


You had 5 spell levels left.
You didn't know any spells.
Your spell library contained the following spells:

 Spells                   Type           Power      Damage    Failure   Level
 Apportation              Tloc           0%         N/A       47%         1
 Alistair's Intoxication  Tmut/Pois      0%         N/A       100%        5


Dungeon Overview and Level Annotations

Branches:
Dungeon (2/15)

Altars:

Annotations:
D:2 Crazy Yiuf


Innate Abilities, Weirdness & Mutations

You are immune to poison.
You have sharp fingernails.
Your flesh is cold resistant. (rC+)
You are immune to negative energy. (rN+++)
You do not regenerate when monsters are visible.
You are immune to unholy pain and torment.
You thrive by killing the living.


Message History

Crazy Yiuf is lightly wounded.
Crazy Yiuf drinks a potion.
Crazy Yiuf seems to speed up.
You hit Crazy Yiuf but do no damage.
Crazy Yiuf is lightly wounded.
Crazy Yiuf yells, "Ice noodlescoop mumblescurry!"
Crazy Yiuf barely misses you.
You hit Crazy Yiuf but do no damage.
Crazy Yiuf is lightly wounded.
You hit Crazy Yiuf but do no damage.
Crazy Yiuf is lightly wounded.
Crazy Yiuf hits you with a +2 quarterstaff of chaos!!
You hit Crazy Yiuf.
Crazy Yiuf is moderately wounded.
Crazy Yiuf whimpers, "Action ragdoll chair!"
Crazy Yiuf closely misses you.
You hit Crazy Yiuf.
Crazy Yiuf is moderately wounded.
Crazy Yiuf yells, "Ghoul shrimp shrimp!"
Crazy Yiuf closely misses you.
You hit Crazy Yiuf.
Crazy Yiuf is heavily wounded.
Crazy Yiuf hits you with a +2 quarterstaff of chaos!
Crazy Yiuf burns you.
You hit Crazy Yiuf.
Crazy Yiuf is heavily wounded.
Crazy Yiuf misses you.
You hit Crazy Yiuf but do no damage.
Crazy Yiuf is heavily wounded.
Crazy Yiuf whimpers, "Gum spinner pizzabubble!"
Crazy Yiuf hits you with a +2 quarterstaff of chaos!
* * * LOW HITPOINT WARNING * * *
Crazy Yiuf burns you.
* * * LOW HITPOINT WARNING * * *
You hit Crazy Yiuf but do no damage.
Crazy Yiuf is heavily wounded.
You hit Crazy Yiuf.
Crazy Yiuf is severely wounded.
Crazy Yiuf says, "Shadow snail turtle!"
Crazy Yiuf hits you with a +2 quarterstaff of chaos!
You die...

####.....###....####..#
#.# ##.#### #....# #..#
##.# ##'## #....# #.##
#..# ##...## #...## #.#
#.## ##.....## ##.##
#.# #.## ##.......#
#.## #.# ###..#
###........# ##.#
#######.....
..'........# #.##
#...........
###........# ##@#
#######.#... ##.......#
#g# #.##># ##.....##
... #.#### ##...##
#...# #.# #### ##'####
#..)# #.# ...# #....#
##### #.#### ##.#
#..### #.....
##.####..# ### ###
#.####
.....)...####.####.#
#.#


You could see Crazy Yiuf (fast).

Vanquished Creatures
  Sigmund (D:2)
  Jessica (D:2)
  An adder (D:2)
  A gnoll (D:1)
  A worm (D:2)
  2 dart slugs (D:1)
  7 endoplasms (D:1)
  8 goblins
  6 hobgoblins
  3 jackals (D:2)
  A kobold (D:1)
  A quokka (D:2)
  4 ball pythons
  2 bats
  A frilled lizard (D:2)
  A rat (D:2)
41 creatures vanquished.

Notes
Turn   | Place    | Note
-------+----------+-------------------------------------------
     0 | D:1      | AppTheSpectato the Ghoul Monk began the quest for the Orb.
     0 | D:1      | Reached XP level 1. HP: 19/19 MP: 0/0
    62 | D:1      | Reached XP level 2. HP: 26/26 MP: 1/1
   269 | D:1      | Reached XP level 3. HP: 33/33 MP: 2/2
   792 | D:2      | Reached skill level 1 in Short Blades
   832 | D:2      | Noticed Sigmund
   841 | D:2      | Killed Sigmund
   842 | D:2      | Reached skill level 4 in Fighting
   842 | D:2      | Reached XP level 4. HP: 25/41 MP: 3/3
   842 | D:2      | Reached XP level 5. HP: 29/47 MP: 4/4
  1101 | D:2      | Noticed Jessica
  1108 | D:2      | Killed Jessica
  1109 | D:2      | Reached XP level 6. HP: 48/53 MP: 5/5
  1411 | D:2      | Found a runed translucent door.
  1412 | D:2      | Noticed Crazy Yiuf
  1714 | D:2      | Slain by Crazy Yiuf

Illustrated notes

Levels and vault maps discovered:
D:1:      minmay_arrival_loop, layout_rooms
D:2:      layout_loops_corners, uniq_crazy_yiuf_cottage, uniq_sigmund,
          uniq_jessica

Skill      XL: |  1  2  3  4  5 |
---------------+----------------+-----
Dodging        | 3 |  3.8
Short Blades   | 2 3 |  3.1
Fighting       | 4 |  4.7
Unarmed Combat | |  3.6

Action                     |  1- 3 |  4- 6 || total
---------------------------+-------+-------++-------
  Melee: Unarmed           |    30 |       ||    30
         Short sword       |    49 |    55 ||   104
 Armour: Robe              |     6 |     8 ||    14
  Dodge: Dodged            |    31 |    26 ||    57
